[Event "Festival Groningen-A 2024"]
[Site "Groningen"]
[Date "2024.12.28"]
[Round "7.1"]
[White "Narayanan S L"]
[Black "Poetsch, Hagen"]
[Result "1-0"]
[ECO "A29"]
[WhiteElo "2647"]
[BlackElo "2491"]
[Annotator "TA"]
[PlyCount "149"]
[EventDate "2024.12.21"]
[EventType "swiss"]
[EventCountry "NED"]
[SourceTitle "playchess.com"]
[Source "ChessBase"]
[SourceQuality "1"]
[TimeControl "40/5400+30:1800+30"]

1. c4 e5 2. g3 Nf6 3. Bg2 d5 4. cxd5 Nxd5 5. Nc3 Nb6 6. Nf3 Nc6 7. O-O Be7 8. Rb1 O-O {[%emt 0:11:42] [#]} 9. b4 $1 Bf5 {[%emt 0:01:46] [#]} (9... Bxb4 10. Nxe5 Qd4 11. Nxc6 bxc6 12. Bb2 $16 (12. Bxc6 Rb8 $16)) (9... a6 10. a3) 10. b5 $1 Nd4 (10... Na5 11. d3) 11. d3 Nxf3+ {[%emt 0:18:20] White is slightly better.} 12. Bxf3 Qc8 13. a4 a5 14. bxa6 Rxa6 15. Be3 Bg4 16. Bh1 Rd8 17. Qc2 Be6 18. Qb2 f6 19. Rfc1 Qb8 {[%emt 0:03:37] [#]} 20. a5 $1 Rxa5 21. Bxb6 cxb6 22. Qxb6 Ra6 23. Qb5 Ba3 24. Bxb7 Ra7 25. Rc2 Qc7 26. Qb6 Qxb6 27. Rxb6 Rb8 28. Rxe6 Raxb7 29. Ne4 Rb2 30. Rxb2 Rxb2 $16 {[%emt 0:00:08][%mdl 4096] Endgame. KRB-KRN} 31. Kf1 Rb1+ 32. Kg2 Rb2 33. Kf3 Kf7 34. Ra6 Be7 35. g4 Rb4 36. h3 g6 37. Ra7 Ke6 38. Ra6+ Kf7 39. Rc6 Rd4 40. Nd2 h5 (40... Rd6 $16 {was called for.} 41. Rc7 (41. Rxd6 Bxd6 42. Nc4 Bb8 $16) 41... Rd4) 41. gxh5 ({White should play} 41. g5 $1 $18) 41... gxh5 42. Nc4 Rd8 (42... Bf8 $16 43. Rc7+ Kg6) 43. Ne3 (43. Rc7 $18 {And now Na5 would win.} Ke6 44. Ne3) 43... Kg6 44. Rc4 f5 (44... Bf8 $16 {was worth a try.} 45. Ke4 Rb8) 45. Rc7 Bf6 46. Rc4 {[%emt 0:00:00] White is more active.} (46. Rc6 $16) 46... Rd7 $2 (46... Be7 $1 $11 {and Black is okay.}) 47. Nf1 (47. Rc6 $18) 47... Ra7 48. Ng3 (48. Rc6 $16) 48... Ra3 $14 49. Kg2 Ra2 50. Kf3 Ra3 $1 51. Rc6 {[%emt 0:00:00][%cal Og3h5] Nxh5! is the strong threat.} h4 {[%emt 0:00:00] [#]} ({Better is} 51... e4+ $14 52. Ke3 h4) 52. Nh5 $1 $16 Kxh5 53. Rxf6 {[%emt 0:00:00] KR-KR} Kg5 54. Rf8 ({White should try} 54. Rd6 $16) 54... e4+ $11 55. Ke3 exd3 56. exd3 Ra4 57. Rg8+ Kf6 58. Rh8 f4+ $2 {[%emt 0:01:39] Loses the game.} (58... Kg5 $14) 59. Kf3 $18 Rd4 60. Ke2 (60. Rxh4 Kf5 $11) 60... Ra4 61. Rc8 (61. Rxh4 f3+ 62. Kxf3 Rxh4 $19) 61... Ra2+ 62. Kf3 Rd2 63. Rd8 (63. Kxf4 Rxd3 64. Kg4 Rd4+ 65. f4 Rd6 $14) 63... Kf5 (63... Ke5 $142 64. d4+ Kf5) 64. Rd4 Ke5 65. Re4+ ({Not} 65. Rxf4 Rxd3+ 66. Kg4 Rxh3 $11) 65... Kd5 66. Rxf4 ({Don't play} 66. Kxf4 $6 Rxd3 67. Re3 Rd2 $16) 66... Rxd3+ 67. Kg4 Ke5 68. Rf8 Rd1 (68... Rd4+ $142 69. Kg5 Ke6 70. Rf6+ Ke7) 69. Kxh4 {[%emt 0:00:00] White wants to mate with Kh5.} Rg1 $2 (69... Ke6 $18 70. Kg3 Rg1+ 71. Kf3 Ke7) 70. Kh5 Ke6 71. h4 Ke7 {[%emt 0:00:04] [#]} 72. Rf4 $1 Rg8 {[%emt 0:00:11] [#]} 73. Kh6 $1 Rh8+ 74. Kg7 Rh5 75. Re4+ {[%emt 0:00:00] Weighted Error Value: White=0.16 (very precise) /Black=0.21 (precise) .  Loses game:     	---       	Black=2      Mistake:       	White=6     	Black=7      Inaccurate:     	---       	Black=1      OK:         	White=30    	Black=21     Best:        	White=5     	Black=8      Strong:       	---       	Black=1      Brilliant:      	White=1     	---} 1-0

[Event "Festival Groningen-A 2024"]
[Site "Groningen"]
[Date "2024.12.28"]
[Round "7.2"]
[White "De Winter, Arthur"]
[Black "Schoppen, Casper"]
[Result "1/2-1/2"]
[ECO "E04"]
[WhiteElo "2446"]
[BlackElo "2539"]
[Annotator "TA"]
[PlyCount "121"]
[EventDate "2024.12.21"]
[EventType "swiss"]
[EventCountry "NED"]
[SourceTitle "playchess.com"]
[Source "ChessBase"]
[SourceQuality "1"]
[TimeControl "40/5400+30:1800+30"]

1. d4 Nf6 2. c4 e6 3. g3 d5 4. Nf3 dxc4 5. Bg2 Bb4+ 6. Bd2 c5 7. Qc1 Bxd2+ 8. Nbxd2 cxd4 9. Nxc4 Nc6 10. O-O O-O 11. Rd1 Re8 12. Nfe5 Nxe5 13. Nxe5 Nd5 14. Rxd4 Qf6 15. f4 Qe7 16. Qd2 Nb6 17. Rc1 f6 18. Nc4 e5 19. fxe5 fxe5 20. Nxb6 axb6 21. Rd6 Kh8 22. a3 (22. Rxb6 Rxa2 23. Qc3 Ra8) 22... e4 23. Rxb6 Bg4 24. Qe3 Rac8 (24... Rad8 $16 {was necessary.} 25. h3 Bh5) 25. Rxc8 $18 Rxc8 {[%emt 0:00:16] [#]} 26. Rb4 $1 (26. Qxe4 $2 Qc5+ 27. e3 Qxb6 $19) (26. Bxe4 $2 Re8 (26... Bf5 27. Rxb7 Qxe4 28. Qxe4 $17) 27. Rb3 (27. Rxb7 $2 Qxb7 28. Bxb7 Rxe3 $19) (27. Rb4 $2 Bf5 $19) 27... Qxe4 28. Qxe4 Rxe4 $19) 26... Bf5 27. h3 (27. Bxe4 $2 Re8 28. Rd4 Bxe4 $19) 27... h6 28. Kh2 (28. Bxe4 $2 Re8 (28... Bxh3 29. Rxb7 Bd7 30. Kf2 $16) 29. h4 Bxe4 $19) 28... Rd8 29. Rb5 (29. Bxe4 $2 Re8 30. Rd4 Bxe4 $19) 29... Bg6 30. Qb6 Kh7 31. Qxb7 Qe8 32. Qb6 Rd2 33. Qe3 $1 Rd3 34. exd3 Qxb5 35. dxe4 Qxb2 36. h4 Be8 37. Qf3 Bd7 38. Qf7 Bg4 (38... Bc6 $142 39. Qf5+ g6 40. Qf7+ Qg7 41. Qxg7+ Kxg7) 39. h5 $2 (39. a4 $18 {and White stays clearly on top.}) 39... Qe2 $16 {[%emt 0:00:57] [#]} 40. e5 ({White should play} 40. a4 $1 $16) 40... Bxh5 $14 41. Qd5 Bg6 42. Qd4 (42. e6 $16) 42... Bd3 $11 43. g4 Bc2 (43... h5 $11) 44. Kh3 (44. Kg3 $1 $14) 44... Kh8 $1 $11 45. Qc3 Kh7 46. Kg3 Be4 47. Bxe4+ Qxe4 48. Qc5 Qd3+ 49. Kf2 Qd2+ 50. Kf3 Qd1+ 51. Kf4 g5+ 52. Kf5 Qf3+ 53. Ke6 Qxg4+ 54. Ke7 Qf5 55. Qc7 g4 56. e6 Kg6 57. Qb8 Kg7 58. Qb2+ Kg6 59. Qb8 Kg7 60. Qb2+ Kg6 61. Qb8 1/2-1/2

[Event "Festival Groningen-A 2024"]
[Site "Groningen"]
[Date "2024.12.28"]
[Round "7.3"]
[White "Van Foreest, Machteld"]
[Black "Beerdsen, Thomas"]
[Result "1/2-1/2"]
[ECO "C47"]
[WhiteElo "2309"]
[BlackElo "2502"]
[Annotator "RC"]
[PlyCount "44"]
[EventDate "2024.12.21"]
[EventType "swiss"]
[EventCountry "NED"]
[SourceTitle "playchess.com"]
[Source "ChessBase"]
[SourceQuality "1"]
[TimeControl "40/5400+30:1800+30"]

1. e4 e5 2. Nf3 Nc6 3. Nc3 Nf6 4. h3 Bb4 5. Nd5 Bd6 6. d3 h6 7. Be2 Nxd5 8. exd5 Ne7 9. d4 e4 10. Ne5 Nxd5 11. Bc4 Bxe5 12. Bxd5 Bf6 13. Bxe4 d5 14. Bf3 Qe7+ 15. Qe2 Be6 16. Be3 O-O-O 17. O-O-O Rd6 18. Rd3 Ra6 19. Kb1 Rd8 20. Rb3 Rdd6 21. Rd1 Rdc6 22. Rdd3 Kb8 1/2-1/2

[Event "Festival Groningen-A 2024"]
[Site "Groningen"]
[Date "2024.12.28"]
[Round "7.4"]
[White "Maatman, Nick"]
[Black "Pham, Khoi"]
[Result "1/2-1/2"]
[ECO "D31"]
[WhiteElo "2375"]
[BlackElo "2285"]
[Annotator "TA"]
[PlyCount "40"]
[EventDate "2024.12.21"]
[EventType "swiss"]
[EventCountry "NED"]
[SourceTitle "playchess.com"]
[Source "ChessBase"]
[SourceQuality "1"]
[TimeControl "40/5400+30:1800+30"]

1. c4 e6 2. Nc3 d5 3. d4 c6 4. e4 dxe4 5. Nxe4 Bb4+ 6. Bd2 Qxd4 7. Bxb4 Qxe4+ 8. Ne2 Na6 9. Bf8 Ne7 10. Bxg7 Nb4 11. Bxh8 e5 $1 {[%emt 0:02:17][%cal Oc8f5] ...Bf5! would now be deadly.} 12. Qd6 Nc2+ 13. Kd2 {[%emt 0:07:12][%cal Oh8f6] and Bf6! would now be decisive} Bf5 14. Ng3 (14. Rd1 $2 Rd8 $19 (14... Qxc4 $2 {is the wrong capture.} 15. Ng3 $18)) 14... Qf4+ 15. Kc3 $1 Nd5+ 16. cxd5 Qd4+ 17. Kb3 Nxa1+ 18. Ka3 Nc2+ 19. Kb3 Na1+ 20. Ka3 Nc2+ 1/2-1/2

[Event "Festival Groningen-A 2024"]
[Site "Groningen"]
[Date "2024.12.28"]
[Round "7.5"]
[White "Manish Anto Cristiano F"]
[Black "Elgersma, Onno"]
[Result "1/2-1/2"]
[ECO "C11"]
[WhiteElo "2296"]
[BlackElo "2322"]
[Annotator "RC"]
[PlyCount "76"]
[EventDate "2024.12.21"]
[EventType "swiss"]
[EventCountry "NED"]
[SourceTitle "playchess.com"]
[Source "ChessBase"]
[SourceQuality "1"]
[TimeControl "40/5400+30:1800+30"]

1. e4 e6 2. d4 d5 3. Nc3 Nf6 4. e5 Nfd7 5. f4 c5 6. Nf3 Nc6 7. Be3 Be7 8. Be2 a6 9. Qd2 b5 10. a3 O-O 11. O-O Qb6 12. Nd1 f6 13. c3 a5 14. exf6 Nxf6 15. Nf2 Rb8 16. dxc5 Bxc5 17. Bxc5 Qxc5 18. Nd4 b4 19. axb4 axb4 20. Kh1 bxc3 21. bxc3 Ne4 22. Nxe4 dxe4 23. Bg4 Nxd4 24. Qxd4 Qxd4 25. cxd4 Rb6 26. Rae1 Bb7 27. Rb1 Rxf4 28. Bxe6+ Kh8 29. Kg1 Rxf1+ 30. Rxf1 g6 31. d5 e3 32. g4 h6 33. h4 e2 34. Rf8+ Kg7 35. Rf7+ Kh8 36. Kf2 Ba6 37. Rf8+ Kg7 38. Rf7+ Kh8 1/2-1/2

[Event "Festival Groningen-A 2024"]
[Site "Groningen"]
[Date "2024.12.28"]
[Round "7.7"]
[White "Schoorl, Rob"]
[Black "Mitusov, Semen"]
[Result "0-1"]
[ECO "A17"]
[WhiteElo "2295"]
[BlackElo "2465"]
[Annotator "TA"]
[PlyCount "94"]
[EventDate "2024.12.21"]
[EventType "swiss"]
[EventCountry "NED"]
[SourceTitle "playchess.com"]
[Source "ChessBase"]
[SourceQuality "1"]
[TimeControl "40/5400+30:1800+30"]

1. Nf3 Nf6 2. g3 b6 3. Bg2 Bb7 4. d3 c5 5. e4 d6 6. O-O e6 7. c4 Be7 8. Nc3 O-O 9. b3 a6 10. Bb2 Qc7 11. Re1 Nbd7 12. d4 cxd4 13. Nxd4 Rfe8 14. Qe2 Bf8 15. Rac1 Rac8 16. h3 h6 17. Kh2 Qb8 18. f4 Nc5 19. b4 Ncd7 20. a3 Qc7 21. Qf2 Qb8 22. Qe2 Qa8 23. Nf3 Rc7 24. Nd2 Rec8 25. e5 Bxg2 26. Qxg2 Qxg2+ 27. Kxg2 Ne8 28. Nce4 dxe5 29. fxe5 f6 30. exf6 gxf6 31. Re2 Kf7 32. g4 Be7 (32... Nd6 $5) 33. Rf1 Kg8 34. Ng3 Ng7 (34... Kf7 {with more complications.} 35. Rfe1 e5 36. Rf2 Nd6) 35. Nf5 Nxf5 36. gxf5 e5 37. Re4 Kf7 {[%emt 0:02:24] Black is weak on the light squares} 38. Rg4 ({White should try} 38. Rh4 $11) 38... a5 ({Better is} 38... b5 $1 $15) 39. Bc3 $11 axb4 40. axb4 Ra8 41. Kf2 Ra2 {[%emt 0:04:33] White must now prevent ...Rc2.} 42. Ke2 Bf8 43. Kd3 Nb8 44. b5 $2 {[%emt 0:03:33] Inhibits Nc6.} (44. Ne4 $11 {and White stays safe.}) 44... Nd7 $19 45. Ra1 Nc5+ 46. Ke2 Na4 47. Rc1 $2 (47. Rxa2 $2 {loses.} Nxc3+ 48. Kf3 Nxa2 $19) (47. Bxe5 $17 fxe5 48. Rxa2 Nc3+ 49. Ke3 Nxa2 50. Rg6) 47... Rd7 0-1

[Event "Festival Groningen-A 2024"]
[Site "Groningen"]
[Date "2024.12.28"]
[Round "7.8"]
[White "De Boer, Eelke"]
[Black "Vijayakumar, Rishi"]
[Result "0-1"]
[ECO "E05"]
[WhiteElo "2426"]
[BlackElo "2204"]
[Annotator "TA"]
[PlyCount "82"]
[EventDate "2024.12.21"]
[EventType "swiss"]
[EventCountry "NED"]
[SourceTitle "playchess.com"]
[Source "ChessBase"]
[SourceQuality "1"]
[TimeControl "40/5400+30:1800+30"]

1. d4 Nf6 2. c4 e6 3. Nf3 d5 4. g3 Be7 5. Bg2 O-O 6. O-O dxc4 7. Qc2 b6 8. Ne5 Qxd4 9. Bxa8 Qxe5 10. Bf3 Nd5 11. Qxc4 Ba6 12. Qa4 c5 (12... Bxe2 $2 13. Re1 $18) 13. Na3 Qc7 (13... Bxe2 $2 14. Re1 $18) 14. Bf4 Nxf4 15. Qxf4 Qxf4 16. gxf4 Bd6 17. Rfd1 Bxf4 18. Nc2 Rc8 19. b4 Kf8 20. Rab1 Bc4 21. Bb7 Re8 22. bxc5 ({White should try} 22. e3 $14 Be5 23. bxc5 Bxa2 24. Rb4 (24. Rb5 Bc4 $16) 24... bxc5 25. Rb5) 22... Bxe2 $11 {[%emt 0:01:44] This pair of bishops is nice.} 23. Rd4 e5 {[%emt 0:03:07] [#]} 24. Rxf4 exf4 $17 25. c6 {[%emt 0:00:07] and c7 would now be decisive} Ba6 ({Black should try} 25... Na6 $19 {Hoping for ...Nc7.} 26. Nd4 f3) 26. Ba8 $2 (26. Nd4 $17) 26... Nd7 27. Rd1 (27. Nb4 {was worth a try.} Nc5 28. Nxa6 Nxa6 29. Bb7) 27... Nc5 $19 28. c7 Ne6 (28... Rxa8 $2 29. Rd8+ Ke7 30. Rxa8 $18) 29. Bf3 Rc8 ({Don't play} 29... Nxc7 30. Rd7 Re7 31. Rd8+ Ne8 32. Kg2 $19) 30. Nb4 Bc4 ({Worse is} 30... Nxc7 31. Nxa6 Nxa6 32. Bb7 $16) 31. Rd2 Rxc7 32. h4 a5 33. Nc6 Bb5 34. Ne5 $2 (34. Nd4 Bd7 35. Nxe6+ Bxe6 36. Kg2) 34... f6 35. Ng4 Rc1+ 36. Kg2 Bf1+ 37. Kh2 h5 38. Nxf6 gxf6 39. Rd6 Ke7 40. Rxb6 Rc5 41. Rb7+ Nc7 0-1

[Event "Festival Groningen-A 2024"]
[Site "Groningen"]
[Date "2024.12.28"]
[Round "7.9"]
[White "Stijve, Theo"]
[Black "Van Rootselaar, Rik"]
[Result "1-0"]
[ECO "C11"]
[WhiteElo "2396"]
[BlackElo "2265"]
[Annotator "TA"]
[PlyCount "123"]
[EventDate "2024.12.21"]
[EventType "swiss"]
[EventCountry "NED"]
[SourceTitle "playchess.com"]
[Source "ChessBase"]
[SourceQuality "1"]
[TimeControl "40/5400+30:1800+30"]

1. e4 e6 2. d4 d5 3. Nc3 Nf6 4. e5 Nfd7 5. f4 c5 6. Nf3 Nc6 7. Be3 a6 8. Be2 Be7 9. O-O O-O 10. Kh1 Qc7 11. Qe1 f6 12. exf6 Bxf6 13. Qd2 cxd4 14. Nxd4 Nxd4 15. Bxd4 Bxd4 16. Qxd4 Qb6 17. Qxb6 Nxb6 18. Bd3 Bd7 19. Ne2 Rfe8 20. Nd4 Rac8 21. b3 Rc3 (21... e5 $14 22. fxe5 Rxe5) 22. Rae1 $16 Nc8 23. Rf3 Rc7 24. Rfe3 Nd6 (24... Na7 $142) 25. Nxe6 Bxe6 26. Rxe6 Rxe6 27. Rxe6 Ne4 28. Bxe4 dxe4 29. c4 (29. Rxe4 Rxc2 30. Kg1 Rxa2 $11) 29... Rd7 30. h3 (30. Rxe4 $2 Rd1+) 30... Rd4 31. Kg1 Rd1+ (31... Kf7 $16 32. Rb6 e3) 32. Kh2 Rd4 (32... Re1 $16 33. Rb6 Rf1) 33. Kg3 $18 Rd3+ 34. Kg4 (34. Kf2 $1 $18) 34... Rd2 $16 35. g3 Rxa2 36. Rb6 $1 Rb2 (36... h5+ $16 37. Kxh5 Kf8 (37... e3 38. Kg6 $16)) 37. Rxb7 $18 a5 38. Rb5 g6 (38... Kf7 {might work better.} 39. h4 (39. Rxa5 Rxb3 40. Rf5+ Kg6 $16) 39... g6 40. Rxa5 h5+ 41. Kg5 Rxb3) 39. Rxa5 $18 Rxb3 40. Re5 Re3 41. Kh4 ({Better is} 41. f5 $18) 41... Kf7 $14 42. g4 h6 43. g5 $1 hxg5+ 44. fxg5 (44. Kxg5 Rg3+ 45. Kh4 Re3 $11) 44... Re1 45. Kg3 e3 46. Kf3 Rc1 {[%emt 0:00:12] [#]} 47. c5 $2 (47. Kxe3 Rxc4 48. Ra5 Rc7 $11) (47. Rc5 $1 $18 {is the precise move to win.}) 47... Rc3 $16 48. h4 (48. Rxe3 Rxc5 49. h4 Rc7 $11) 48... Kf8 ({Black should try} 48... Kg7 49. Ke4 (49. Rxe3 Rxc5 50. Re4 Ra5 $14) 49... e2) 49. Re6 $16 (49. Rxe3 Rxc5 50. Ra3 Rc8 $11) 49... Kf7 $2 {[%emt 0:03:38] [#]} (49... Rxc5 $16 50. Rxg6 (50. Rxe3 Ra5 $11) 50... Re5) 50. Rf6+ $1 $18 (50. Rxe3 Rxc5 51. Re4 Rc7 $11) 50... Kg7 51. c6 Rd3 52. Re6 Rc3 53. Rd6 ({Stronger than} 53. Rxe3 Rxc6 54. Re7+ Kf8 $11) 53... Kf7 54. Ke2 Rc4 55. Kxe3 Rxh4 56. Kd3 Rh1 57. Kc4 Rg1 58. Rf6+ (58. Rd3 $142 Rc1+ 59. Rc3 Rxc3+ 60. Kxc3 Ke7 61. c7 Kd7 62. Kd4 Kxc7 63. Ke5) 58... Kg7 59. Rf3 Rg4+ 60. Kb3 Rxg5 61. c7 Rb5+ 62. Kc4 1-0

[Event "Festival Groningen-A 2024"]
[Site "Groningen"]
[Date "2024.12.28"]
[Round "7.10"]
[White "Cernov, Henrik"]
[Black "Slagboom, Leandro"]
[Result "1-0"]
[ECO "C07"]
[WhiteElo "2187"]
[BlackElo "2370"]
[Annotator "TA"]
[PlyCount "61"]
[EventDate "2024.12.21"]
[EventType "swiss"]
[EventCountry "NED"]
[SourceTitle "playchess.com"]
[Source "ChessBase"]
[SourceQuality "1"]
[TimeControl "40/5400+30:1800+30"]

1. e4 e6 2. d4 d5 3. Nd2 c5 4. Ngf3 cxd4 5. Nxd4 Nc6 6. Bb5 Bd7 7. Nxc6 bxc6 8. Bd3 Qc7 9. Qe2 {[%emt 0:00:24] C07: French Tarrasch: 3...c5, 4 Ngf3 and 4 exd5 Qxd5.} Ne7 10. b3 Ng6 11. g3 Bb4 12. Bb2 O-O 13. O-O-O c5 14. f4 $146 ({Predecessor:} 14. a3 Bxd2+ 15. Qxd2 d4 16. f4 Rab8 17. h4 Ne7 18. h5 h6 19. g4 Bb5 20. Bxb5 Rxb5 {1-0 Quesada Perez,Y (2581)-Hevia Alejano,C (2414) San Jose 1000 GM Labor Day op 2024 (5)}) 14... c4 15. bxc4 Rfe8 16. h4 Rab8 17. h5 (17. exd5 exd5 18. Qh2 Ne7 $17) 17... Nf8 18. h6 (18. exd5 $2 exd5 19. Qg2 Bxd2+ 20. Qxd2 Rxb2 (20... dxc4 $2 21. Bxh7+ Kxh7 22. h6 $19) 21. Kxb2 dxc4 22. Bxh7+ Kxh7 $19) 18... g6 19. Nb3 (19. cxd5 exd5 20. Qe3 Bc5 $19) 19... a5 20. a3 (20. cxd5 a4 21. Bc4 exd5 (21... axb3 22. axb3 exd5 23. Rxd5 $15) 22. Bxd5 axb3 23. axb3 Be6 $15) 20... Bd6 (20... Be7 $11 21. Qe1 (21. exd5 a4 $11) 21... a4 (21... dxc4 22. Qc3 $11)) 21. Qd2 (21. exd5 $14 a4 22. c5 exd5 23. cxd6 Qxd6 24. Qf2 (24. Be5 Qxa3+ 25. Bb2 Qb4 $11) 24... axb3 25. Qd4) 21... a4 $11 22. Qc3 (22. c5 $5 Be7 23. exd5 exd5 24. Qc3 $14 (24. Be5 Qa7 $11)) 22... e5 23. c5 axb3 24. cxd6 Qb6 25. exd5 (25. fxe5 $2 bxc2 26. Rde1 (26. Kxc2 $2 Rec8 $19) 26... Ne6 27. exd5 Nc5 $19) 25... bxc2 (25... Rbc8 $1 $11 26. Qb4 Qxb4 27. axb4 e4) 26. Rde1 $1 $14 (26. fxe5 $2 cxd1=Q+ (26... cxd1=R+ $2 27. Rxd1 Rec8 28. Kd2 $19) (26... cxd1=B $2 27. Qd4 $19) 27. Kxd1 Rec8 $19 (27... Qxb2 $2 28. Qxb2 Rxb2 29. Re1 $19)) (26. Bxc2 $2 Rbc8 27. Qb4 Qe3+ 28. Kb1 Rxc2 $19 (28... Qxg3 29. fxe5 Rxc2 30. e6 $16)) (26. Kxc2 $2 Rec8 (26... Qxd6 27. Kb1 $11) 27. Kd2 Rxc3 (27... Qxb2+ $2 28. Qxb2 Rxb2+ 29. Ke3 $19) 28. Bxc3 Qf2+ (28... Qxd6 $2 29. Bxe5 Qxd5 30. Bxb8 $19) 29. Be2 exf4 30. gxf4 Qxf4+ 31. Ke1 Re8 $19 (31... Qxd6 $2 32. Bd4 $19)) 26... Qf2 $2 (26... Bb5 $1 $14 27. Bxc2 Rbc8) 27. fxe5 $18 (27. Rhf1 Qxg3 28. Rxe5 (28. Qxc2 $2 Rec8 $19) (28. fxe5 $2 Qg5+ 29. Qd2 Qxd2+ 30. Kxd2 Rxb2 $19) 28... Rec8 $18) 27... Qxg3 28. Bxc2 (28. Kxc2 $2 {too greedy.} Rec8 29. e6 Rxc3+ 30. Bxc3 fxe6 $19) ({Weaker is} 28. e6 Qf4+ 29. Qd2 (29. Kxc2 Rbc8 $11) 29... Qxd2+ 30. Kxd2 c1=B+ 31. Kxc1 (31. Rxc1 Rxb2+ 32. Kc3 Rb6 $18) 31... fxe6 $18) 28... Qg5+ {[%emt 0:01:21] [#]} (28... Qxc3 $142 29. Bxc3 Rb5) 29. Qe3 $1 $18 Qg2 (29... Qxe3+ $142 30. Rxe3 Rb5) 30. e6 $18 Rec8 31. exf7+ 1-0

[Event "Festival Groningen-A 2024"]
[Site "Groningen"]
[Date "2024.12.28"]
[Round "7.11"]
[White "Smeets, Kobe"]
[Black "Ritzerveld, Noah"]
[Result "1-0"]
[ECO "C77"]
[WhiteElo "2349"]
[BlackElo "2182"]
[Annotator "TA"]
[PlyCount "113"]
[EventDate "2024.12.21"]
[EventType "swiss"]
[EventCountry "NED"]
[SourceTitle "playchess.com"]
[Source "ChessBase"]
[SourceQuality "1"]
[TimeControl "40/5400+30:1800+30"]

1. e4 e5 2. Nf3 Nc6 3. Bb5 a6 4. Ba4 Nf6 5. O-O Be7 6. d3 b5 7. Bb3 d6 8. a3 O-O 9. Nc3 Na5 10. Ba2 c5 11. b4 Nc6 12. Nd5 Be6 13. c3 cxb4 14. axb4 Nd7 (14... a5 $11) 15. d4 Bg4 16. Nxe7+ Nxe7 17. Qd3 Qc7 (17... Bxf3 $11 {keeps the balance.} 18. Qxf3 a5) 18. Bd2 ({Better is} 18. Ng5 $16) 18... Nb6 $14 19. Ng5 (19. Nh4 Nc4 20. Bxc4 bxc4 21. Qg3) 19... h6 20. Qg3 $1 Be2 {[%emt 0:03:20] [#]} 21. dxe5 (21. Ne6 $1 $16 fxe6 22. Bxh6) 21... dxe5 $14 22. Nf3 Qd6 {[%emt 0:08:12] [#]} (22... Nc4 {simplifies} 23. Bxc4 bxc4 24. Rfc1 Bxf3 25. Qxf3 a5) 23. Be3 (23. Qxe5 $1 $11 Qxe5 24. Nxe5) 23... Bxf1 $17 24. Rxf1 Nd7 25. Bd4 (25. Bb3 $17 Rad8 26. Rd1) 25... Ng6 $19 26. Re1 (26. Nxe5 {might work better.} Ndxe5 27. f4) 26... Qf6 27. Be3 Kh7 $2 (27... Rac8 $19 28. Qg4 Nb6) 28. Qh3 $15 Nb6 29. Bc5 $1 Rfb8 30. Bxf7 Nf4 31. Qf5+ Qxf5 32. exf5 Nd3 33. Re4 {[%emt 0:00:57] [#]} (33. Re3 $15 Nxc5 34. Ng5+ (34. bxc5 Nc4 $11) 34... Kh8 35. bxc5) 33... Ra7 ({Black should try} 33... a5 $1 $17 {[%cal Ra5b4] Strongly threatening ...axb4.} 34. g3 Nc4) 34. Bg6+ $15 Kg8 35. Nxe5 Nxe5 (35... Nxc5 $15 36. bxc5 Na4) 36. Rxe5 $14 Rd7 37. g4 Nd5 38. Bd4 Nf4 39. h4 Nxg6 $4 (39... a5 $1 $14) 40. fxg6 $18 Rbd8 (40... a5 $142) 41. h5 $18 Rb8 42. Kg2 Rbd8 43. Kg3 Kf8 44. Re6 Ra8 45. f4 Kg8 46. g5 hxg5 47. fxg5 a5 48. bxa5 b4 49. Rc6 Rb8 50. Be5 Rd3+ 51. Kg4 Re8 {[%emt 0:00:33] [#]} 52. cxb4 (52. Rc7 $142 $1 Re3 53. Rxg7+ Kf8 54. Bf6 R3e4+ 55. Kf5 Re2 56. h6 (56. cxb4 Rf2+ 57. Kg4 Re4+ 58. Kg3 Ref4 $18) 56... Rf2+ 57. Kg4) 52... Rb3 53. Rc4 Rd8 54. h6 Rf8 55. Rc7 ({Inferior is} 55. Bxg7 Rg3+ 56. Kh5 (56. Kxg3 Rf3+ 57. Kh2 Rf2+ 58. Kg3 Rf3+ 59. Kh2 Rf2+ 60. Kg3 Rf3+ $11) 56... Rh3+ 57. Rh4 (57. Kg4 Rg3+ 58. Kh5 Rh3+ 59. Rh4 Rxh4+ 60. Kxh4 Rf4+ 61. Kg3 Rf3+ 62. Kh4 Rf4+ 63. Kh3 Rf3+ 64. Kg2 Rf2+ 65. Kh3 Rf3+ 66. Kg4 Rf4+ 67. Kh3 Rf3+ $11) 57... Rxh4+ 58. Kxh4 Rf4+ 59. Kh3 Rf3+ 60. Kg4 Rf4+ 61. Kh3 Rf3+ 62. Kh4 Rf4+ 63. Kg3 Rf3+ 64. Kh4 Rf4+ $11) 55... Rxb4+ 56. Kh5 Rf1 57. h7+ 1-0

[Event "Festival Groningen-A 2024"]
[Site "Groningen"]
[Date "2024.12.28"]
[Round "7.12"]
[White "Kollen, Zyon"]
[Black "Okuno, Rion"]
[Result "1-0"]
[ECO "B90"]
[WhiteElo "2344"]
[BlackElo "2027"]
[Annotator "TA"]
[PlyCount "97"]
[EventDate "2024.12.21"]
[EventType "swiss"]
[EventCountry "NED"]
[SourceTitle "playchess.com"]
[Source "ChessBase"]
[SourceQuality "1"]
[TimeControl "40/5400+30:1800+30"]

1. e4 c5 2. Nf3 d6 3. d4 cxd4 4. Nxd4 Nf6 5. Nc3 a6 6. Be3 e5 7. Nb3 Be7 8. f3 Be6 9. Qd2 h5 10. a4 Nbd7 11. Be2 Qc7 12. O-O {[%emt 0:00:37] The position is equal.} O-O 13. Rfd1 Rfd8 14. Nd5 Bxd5 15. exd5 Nb6 {[%emt 0:09:54] Against c4} 16. Qa5 Nfd7 {[%emt 0:18:00] [#]} (16... Qxc2 $11 17. Bxb6 Qxb3 (17... Qxe2 18. Bxd8 Bxd8 19. Qb4 $16) 18. Bxd8 Bxd8) 17. c4 $1 $16 Nc5 (17... g6 18. Bd3) 18. Qb4 (18. Ra3 $16) 18... a5 $1 $11 19. Nxa5 Nxd5 $2 20. cxd5 $18 ({Don't take} 20. Rxd5 $6 Rxa5 21. Bd1 b6 $16) 20... Rxa5 {[%emt 0:01:22] [#]} 21. Qc4 {[%emt 0:11:35] White is more active.} (21. Qc3 $1 $16 {b4 is the strong threat.} Raa8 22. b4) 21... Qd7 $1 $14 22. b3 Rc8 23. Rdc1 {[%emt 0:02:08] aiming for b4.} Raa8 $1 24. a5 Na6 (24... Qf5 $11 {keeps the balance.}) 25. Qb5 $36 {[%emt 0:04:46][%mdl 2048] Keeping Black busy. White leaves nothing to chance now.} Rxc1+ 26. Rxc1 Qxb5 27. Bxb5 Nb4 {[%emt 0:00:22] [#]} 28. Bd2 $1 Nxd5 29. a6 Bd8 $2 (29... bxa6 30. Bc6 Rc8 31. Bxd5 Rxc1+ 32. Bxc1 $18) (29... Rb8) 30. axb7 $18 Bb6+ 31. Kf1 Rf8 32. Rc8 Ba7 33. Ba5 Bb8 34. Be8 Ba7 35. Ra8 (35. b8=R Bxb8 36. Rxb8 Nf6 $11) 35... Ne3+ 36. Ke2 Nf5 37. Rxa7 Nd4+ 38. Kf2 {[%emt 0:00:11] White mates.} Rxe8 39. Ra8 Rxa8 40. bxa8=Q+ Kh7 41. Qd5 h4 42. Qxd6 f6 43. Bc3 Nf5 44. Qd3 g6 45. Qd7+ Kh6 46. Bd2+ g5 47. Qxf5 e4 48. Qxf6+ Kh5 49. Qxg5# {[%emt 0:00:06] Weighted Error Value: White=0.17 (very precise) /Black=0.30.  Loses game:     	---       	Black=1      Mistake:       	White=2     	Black=3      Inaccurate:     	White=1     	Black=2      OK:         	White=7     	Black=7      Best:        	White=1     	---        Strong:       	White=1     	Black=3} 1-0